 Dungeon Sprint DCSS version 0.18-a0-640-g2c992fa (webtiles) character file.

478 xeno23 the Basher (level 6, -2/63 HPs)
             Began as a Minotaur Berserker on Dec 5, 2015.
             Was a Priest of Trog.
             Slain by a yak (10 damage)
             ... in the Dungeon (Sprint I: "Red Sonja").
             The game lasted 00:01:35 (494 turns).

xeno23 the Basher (Minotaur Berserker)               Turns: 494, Time: 00:01:35

Health: -2/63      AC:  2    Str: 24    XL:     6   Next: 85%
Magic:  5/5        EV: 14    Int:  4    God:    Trog [***...]
Gold:   297        SH:  0    Dex:  9    Spells: 0 memorised, 5 levels left

rFire  . . .     SeeInvis .     a - +0 mace
rCold  . . .     Clarity  .     b - +0 animal skin
rNeg   . . .     SustAt   .     (no shield)
rPois  .         Gourm    .     (helmet restricted)
rElec  .         Spirit   .     (no cloak)
rCorr  .         Dismiss  .     (no gloves)
rMut   .         NoTele   +     (no boots)
MR     .....                    (no amulet)
Stlth  +.........               (no ring)
                                (no ring)

@: not resistant to hostile enchantments, very unstealthy
A: retaliatory headbutt, horns 2
a: Berserk, Trog's Hand, Burn Spellbooks, Renounce Religion


You were in the Dungeon.
You worshipped Trog.
Trog was most pleased with you.
You were near starving.

You visited 1 branch You collected 297 gold pieces.

Inventory:

Hand Weapons
 a - a +0 mace (weapon)
Armour
 b - a +0 animal skin (worn)
Wands
 j - a wand of polymorph (10)
Scrolls
 i - a scroll of blinking
Potions
 d - a potion of curing
 e - a potion of heal wounds
 f - a potion of haste
 g - 2 potions of magic
 h - a potion of berserk rage
Comestibles
 c - a bread ration
 k - a royal jelly


   Skills:
 + Level 9.2 Fighting
 * Level 11.5 Maces & Flails
 + Level 8.0 Armour
 + Level 7.2 Dodging


You had 5 spell levels left.
You didn't know any spells.

Dungeon Overview and Level Annotations

Branches:
Dungeon (1/1)

Altars:
Cheibriados
Dithmenos
Elyvilon
Fedhas
Gozag
Kikubaaqudgha
Makhleb
Nemelex Xobeh
Pakellas
Qazlal
Ru
Sif Muna
Vehumet
Xom
Yredelemnul
Zin
The Shining One
Jiyva

Shops:
D !


Innate Abilities, Weirdness & Mutations

You reflexively headbutt those who attack you in melee.
You have a pair of horns on your head.


Message History

The yak gores you.
You take 2 damage.
You barely miss the yak.
The yak is moderately wounded.
The yak gores you!
* * * LOW HITPOINT WARNING * * *
You take 17 damage.
You sock the yak!
The yak is heavily wounded.
Eat which item? (? for menu, Esc to quit)
Okay, then.
You hit the yak but do no damage.
The yak is heavily wounded.
The yak gores you.
* * * LOW HITPOINT WARNING * * *
You take 3 damage.
You sock the yak!
The yak is severely wounded.
The yak gores you!
You die...

###################
#<.#..)..#..'..#__#
#..'..#..').#..'..+
#..#####'#####'#__#
#..# #..#...#.# ##
#..#__####..##)#
#..#_.___##'#..+
#⌠⌠#_.∩...Y@.._#
####_..._##_.#+#
___ ##+# #


You could see a yak.

Vanquished Creatures
  A slime creature (D)
  Sigmund (D)
  An ogre (D)
  A jelly (D)
  Ijyb (D)
5 creatures vanquished.

Notes
Turn   | Place    | Note
--------------------------------------------------------------
     0 | D        | xeno23 the Minotaur Berserker began the quest for the Orb.
     0 | D        | Reached XP level 1. HP: 19/19 MP: 0/0
     1 | D        | Noticed Ijyb
     6 | D        | Killed Ijyb
     6 | D        | Reached skill level 5 in Fighting
     6 | D        | Reached skill level 5 in Maces & Flails
     6 | D        | Reached XP level 2. HP: 22/30 MP: 1/1
    14 | D        | Noticed an ogre
    18 | D        | Killed an ogre
    18 | D        | Reached skill level 6 in Fighting
    18 | D        | Reached skill level 7 in Maces & Flails
    18 | D        | Reached XP level 3. HP: 14/38 MP: 2/2
    18 | D        | Reached XP level 4. HP: 16/45 MP: 3/3
   235 | D        | Noticed Sigmund
   239 | D        | Killed Sigmund
   239 | D        | Reached ** piety under Trog
   239 | D        | Reached skill level 8 in Fighting
   239 | D        | Reached skill level 10 in Maces & Flails
   239 | D        | Reached XP level 5. HP: 53/53 MP: 4/4
   286 | D        | Found a deep blue altar of Sif Muna.
   288 | D        | Found a radiant altar of Vehumet.
   291 | D        | Reached XP level 6. HP: 37/62 MP: 5/5
   413 | D        | Found a snail-covered altar of Cheibriados.
   413 | D        | Found a viscous altar of Jiyva.
   413 | D        | Found a shadowy altar of Dithmenos.
   413 | D        | Found a blossoming altar of Fedhas.
   413 | D        | Noticed a slime creature
   424 | D        | Killed a slime creature
   424 | D        | Reached *** piety under Trog
   424 | D        | Reached skill level 11 in Maces & Flails
   488 | D        | Found Amnon's Distillery.
   488 | D        | Found a white marble altar of Elyvilon.
   488 | D        | Found a stormy altar of Qazlal.
   488 | D        | Found a burning altar of Makhleb.
   488 | D        | Found a sacrificial altar of Ru.
   488 | D        | Found an oddly glowing altar of Pakellas.
   488 | D        | Found a basalt altar of Yredelemnul.
   488 | D        | Found a glowing golden altar of the Shining One.
   488 | D        | Found a sparkling altar of Nemelex Xobeh.
   488 | D        | Found a shimmering altar of Xom.
   488 | D        | Found an opulent altar of Gozag.
   488 | D        | Found an ancient bone altar of Kikubaaqudgha.
   488 | D        | Found a glowing silver altar of Zin.
   488 | D        | Noticed a yak
   494 | D        | Slain by a yak

Vault maps used:
D:        dungeon_sprint_1

Action                   |  1- 3 |  4- 6 || total
-------------------------+-------+-------++-------
Melee: Mace              |     7 |    19 ||    26
Invok: Berserk           |     1 |     2 ||     3
